[Event "*** Titled Tuesday Blitz"]
[Site "Chess.com"]
[Date "2020.03.03"]
[Round "3"]
[White "karwowskikacper"]
[Black "kingofthenil"]
[Result "1-0"]
[WhiteElo "2377"]
[BlackElo "2578"]
[TimeControl "180+1"]
[EndTime "9:31:04 PST"]
[Termination "karwowskikacper won by checkmate"]

1. e4 Nc6 2. d4 d5 3. e5 Bf5 4. c3 e6 5. f4 h5 6. Nf3 Nh6 7. Bd3 Ne7 8. O-O Ng6 9. c4 dxc4 10.
Bxc4 c6 11. Nc3 Be7 12. Be3 O-O 13. a4 Qb6 14. Qe2 a5 15. Kh1 Qc7 16. Nd2 Bg4 17. Qf2 Nf5 18. h3 Bh4 19. Qg1 Ng3+ 20. Kh2 Nxf1+ 21.
Rxf1 Bf5 22. g4 hxg4 23. hxg4 Bc2 24. f5 exf5 25. gxf5 Nxe5 26. Bf4 Rae8 27. dxe5 Rxe5 28. Nf3 Bf6 29. Nxe5 Bxe5 30. Bxe5 Qxe5+ 31. Qg3 Qf6 32.
Qf2 Rd8 33. Qxc2 Qh4+ 34. Kg2 Qg4+ 35. Kf2 Qxc4 36. Qe2 Qh4+ 37. Kg1 Rd4 38. Rf2 Qg5+ 39.
Rg2 Qc1+ 40. Qf1 Qe3+ 41. Qf2 Qc1+ 42. Qf1 Qe3+ 43. Qf2 Qc1+ 44. Kh2 Rd6 45. f6 Qh6+ 46. Kg1 Rxf6 47. Qd2 Qh4 48. Qd8+ Kh7 49. Qd3+ g6 50. Qe2 Kg8 51. Ne4 Re6 52. Rg4 Qh5 53. Qg2 Qe5 54.
Nf2 Kg7 55. Nh3 Qe1+ 56. Qf1 Qe3+ 57. Kh2 Rf6 58. Qg2 Qd3 59. Nf4 Qd6 60. Qg3 Rf5 61. Kg2 Qd2+ 62. Qf2 Qd4 63. Qxd4+ f6 64. Qd7+ Kh6 65.
Rxg6# 1-0

[Event "*** Titled Tuesday Blitz"]
[Site "Chess.com"]
[Date "2020.03.03"]
[Round "3"]
[White "TST2014"]
[Black "saisree"]
[Result "1-0"]
[WhiteElo "2586"]
[BlackElo "2297"]
[TimeControl "180+1"]
[EndTime "9:31:04 PST"]
[Termination "TST2014 won by resignation"]

1. d4 d5 2. c4 c6 3. Nf3 Nf6 4.
Nc3 e6 5. e3 Nbd7 6. Qc2 Bd6 7.
Be2 O-O 8. O-O dxc4 9. a4 e5 10. Bxc4 exd4 11. exd4 Nb6 12. Bb3 Bg4 13. Ne5 Bh5 14.
Bg5 h6 15. Bh4 g5 16. Bg3 Nfd5 17. a5 Nxc3 18. bxc3 Nd5 19. a6 Bxe5 20. axb7 Rb8 21. Bxe5 Rxb7 22. Bc4 Bg6 23. Qd2 f6 24. Bg3 Kg7 25. Ba6 Rd7 26. Bd3 f5 27. Be5+ Kh7 28. c4 Nf6 29. Qc2 Ng4 30. Rfe1 Nxe5 31. Rxe5 Rxd4 32.
Rxa7+ Rd7 33. Rxd7+ Qxd7 34. Qe2 Rf7 35. Re6 Kg7 36. g4 Qd4 37. h3 Bh7 38. Re7 fxg4 39. Rxf7+ Kxf7 40. Bxh7 Qa1+ 41. Kh2 gxh3 42. Qh5+ Ke7 43.
Qe2+ Kf7 44. Qf3+ Ke7 45. Qe4+ Kf7 46. Kxh3 Qc3+ 47. Kg4 Qf6 48. Bf5 Kg7 49. Qe6 h5+ 50.
Kxh5 Qd4 51. Qg6+ Kf8 52. Qh6+ Ke7 53. Qxg5+ Kf8 54. Qh6+ Ke7 55. Qe3+ Qxe3 56. fxe3 Kf6 57. Kg4 Ke5 58. e4 c5 59. Kg5 1-0

[Event "*** Titled Tuesday Blitz"]
[Site "Chess.com"]
[Date "2020.03.03"]
[Round "3"]
[White "GGX0X0"]
[Black "AniJak"]
[Result "0-1"]
[WhiteElo "2336"]
[BlackElo "2139"]
[TimeControl "180+1"]
[EndTime "9:31:08 PST"]
[Termination "AniJak won by checkmate"]

1. d4 d5 2. c4 c6 3. Nc3 Nf6 4. cxd5 cxd5 5. f3 Nc6 6. e4 dxe4 7. d5 Ne5 8. fxe4 e6 9. Nf3 Nxf3+ 10. Qxf3 Bb4 11.
Bg5 h6 12. Bxf6 Qxf6 13. Bb5+ Bd7 14. Bxd7+ Kxd7 15. dxe6+ Kxe6 16. Qg4+ Ke7 17. Rf1 Bxc3+ 18. bxc3 Qxc3+ 19. Kf2 Qd4+ 20. Kg3 Qe5+ 21. Kh3 Qe6 22. Rac1 Qxg4+ 23. Kxg4 Rac8 24. Kf4 Rhd8 25. Ke5 Rxc1 26. Rxc1 Rd2 27. Rc7+ Rd7 28. Rc2 g6 29. g4 f6+ 30.
Kf4 b6 31. h4 a5 32. g5 hxg5+ 33. hxg5 fxg5+ 34. Kxg5 Rd4 35. Re2 Ke6 36. Kxg6 Ke5 37. Rb2 Rb4 38. Rc2 Kxe4 39. Kf6 Kd3 40. Rh2 Kc3 41.
Ke6 Rb2 42. Rh3+ Kb4 43. a3+ Ka4 44. Kd6 Rb3 45. Rh2 Kxa3 46. Kc6 b5 47. Kb6 a4 48. Ka5 b4 49. Rh1 Rb2 50. Kb5 Rf2 51. Ra1+ Ra2 52. Rh1 b3 53. Rh4 Kb2 54. Kb4 Kc2 55.
Rh2+ Kb1 56. Rh1+ Kc2 57. Rh2+ Kd3 58. Rh3+ Kd2 59. Rh2+ Ke3 60. Rh3+ Kf2 61. Rh1 b2 62. Rb1 a3 63. Kb3 Ra1 64. Kc2 Rxb1 65. Kxb1 Ke2 66.
Ka2 Kd2 67. Kb1 Kc3 68. Ka2 Kc2 69. Kxa3 b1=Q 70. Ka4 Kc3 71. Ka5 Kc4 72. Ka6 Kc5 73. Ka7 Kc6 74. Ka8 Qb7# 0-1

[Event "*** Titled Tuesday Blitz"]
[Site "Chess.com"]
[Date "2020.03.03"]
[Round "3"]
[White "TwentyHourADay"]
[Black "Ginger_GM"]
[Result "1/2-1/2"]
[WhiteElo "2309"]
[BlackElo "2579"]
[TimeControl "180+1"]
[EndTime "9:31:15 PST"]
[Termination "Game drawn by agreement"]

1. Nf3 f5 2. h3 d6 3. d4 Nf6 4. Nc3 g6 5. g4 Bg7 6. gxf5 Bxf5 7. Nh4 Qd7 8. Nxf5 Qxf5 9. Qd3 Qxd3 10. cxd3 Nc6 11.
e3 e5 12. dxe5 dxe5 13. a3 O-O-O 14. Bd2 Rhe8 15. Ne4 Nxe4 16. dxe4 Rf8 17. Bc4 Bf6 18. h4 Be7 19. b4 a6 20. Bd5 Bd6 21. Bc3 Ne7 22.
Be6+ Kb8 23. Rd1 Nc8 24. h5 g5 25. h6 Ne7 26. Ke2 Rf6 27. Bg4 Rdf8 28. Rh2 Ng6 29. Bf5 R8f7 30. Rg1 Nh4 31. Rxg5 Nxf5 32. exf5 Rxf5 33. Rxf5 Rxf5 34. e4 Rf6 35. Rh5 Re6 36.
a4 Kc8 37. Kf3 Kd7 38. Ke3 Ke7 39. f3 b5 40. axb5 axb5 41. Rg5 Rxh6 42. Bxe5 Rh1 43. Bxd6+ cxd6 44. Rxb5 h5 45. Kf4 Ke6 46. Rg5 h4 47. b5 h3 48. Rh5 h2 49. b6 Rb1 50.
Rxh2 Rxb6 51. Rh6+ Ke7 52. Rh7+ Ke6 53. Rh6+ Ke7 54. Rg6 Rb3 55. Rg5 Ke6 56. Ra5 Rc3 57. Ra6 Ke7 58. Kg4 Rc1 59. Ra5 Ke6 60. Ra6 Rg1+ 61.
Kf4 Re1 62. Ra5 Re2 63. Rh5 Re1 64. Rh6+ Ke7 65. Kf5 Re3 66. f4 Kd7 67. Rh7+ Kc6 68. e5 dxe5 69. fxe5 Re1 70. Kf6 Rf1+ 71. Ke7 Ra1 72.
Rh6+ Kd5 73. Rd6+ Kxe5 74. Re6+ Kf5 75. Rf6+ 1/2-1/2

[Event "*** Titled Tuesday Blitz"]
[Site "Chess.com"]
[Date "2020.03.03"]
[Round "3"]
[White "aridannie"]
[Black "agus_k"]
[Result "0-1"]
[WhiteElo "2420"]
[BlackElo "2632"]
[TimeControl "180+1"]
[EndTime "9:31:19 PST"]
[Termination "agus_k won on time"]

1. e4 c5 2. Nf3 e6 3. d4 cxd4 4. Nxd4 a6 5. c4 Qc7 6. Nc3 Nf6 7. Be2 d6 8. O-O Be7 9. Be3 O-O 10. f4 Nbd7 11. b4 b6 12. Rc1 Bb7 13. Qd3 Rac8 14. a3 Rfd8 15. g4 Qb8 16. g5 Ne8 17. Qd1 Qa8 18. Bd3 e5 19. Nf5 Bf8 20. Nd5 Bxd5 21. cxd5 exf4 22. Bxf4 Ne5 23. Bxe5 dxe5 24. Qe2 b5 25. Qf3 Qa7+ 26. Kh1 Qb7 27. Be2 Rxc1 28. Rxc1 Rc8 29. Qf1 Nd6 30. Nxd6 Bxd6 31. Bg4 Rc7 32. Qd1 Qb6 33. Bf3 Rc4 34. Rxc4 bxc4 35. Be2 c3 36. Qd3 Qc7 37. Bd1 a5 38. bxa5 Qxa5 39. a4 g6 40. Bc2 Qc5 41. Kg2 Be7 42. h4 Bd6 43. Qe2 Qd4 44. Qd3 Qb6 45. Qe2 Qc5 46. Qd3 Bc7 47. Qf1 Bb6 48. Kh2 Qe3 49. Kh1 Bc5 50. Qg2 Qc1+ 51. Kh2 Qf4+ 52. Kh1 Qxh4+ 53. Qh2 Qe1+ 54. Kg2 Be3 55. Kh3 Bf4 56. Qg2 Qe3+ 57. Kg4 Bxg5 58. Qf3 h5+ 59. Kg3 h4+ 60. Kg4 Qg1+ 61.
Kh3 Bf4 62. Qg2 Qe3+ 63. Kg4 Qg3+ 64. Qxg3 hxg3 65. Kf3 g2 66. Kxg2 Bg5 67. a5 Bd8 68.
a6 Bb6 69. Bd3 Kf8 70. Kf3 Ke7 71. Ke2 Kd6 72. Kd1 Bd4 73. Kc2 g5 74. Kd1 g4 75.
Ke2 f6 76. Kf1 Be3 77. Kg2 f5 78. exf5 Kxd5 79. Kg3 e4 0-1

[Event "*** Titled Tuesday Blitz"]
[Site "Chess.com"]
[Date "2020.03.03"]
[Round "3"]
[White "lestri"]
[Black "GM_shahin"]
[Result "0-1"]
[WhiteElo "2491"]
[BlackElo "2759"]
[TimeControl "180+1"]
[EndTime "9:31:22 PST"]
[Termination "GM_shahin won by resignation"]

1. c4 e5 2. Nc3 Bb4 3. Qc2 Bxc3 4. Qxc3 d6 5. Nf3 f5 6. d4 e4 7. Nd2 Nf6 8. d5 O-O 9. b3 Re8 10. e3 Nbd7 11. Be2 Ne5 12. Bb2 a5 13. a3 Bd7 14.
f4 exf3 15. gxf3 f4 16. exf4 Ng6 17. Ne4 Nh5 18. O-O-O Ngxf4 19. Rde1 Bf5 20. Bd1 Bg6 21. Rhg1 Qd7 22. Bc2 Re7 23. Kb1 b6 24. Rg4 Rf8 25. Ka2 Qe8 26. Qd2 Nh3 27. Qg2 N3f4 28. Qd2 Qd7 29. Reg1 Qe8 30. Ng3 Nxg3 31. hxg3 Bxc2 32.
Qxc2 Ng6 33. f4 Re2 34. Qc3 Rf7 35. Rg5 Qe3 36. Qxe3 Rxe3 37. Rg2 Ne7 38. Bd4 Re4 39.
Bg1 h6 40. Rh5 Nf5 41. Kb2 Ne3 42. Rd2 Nf1 43. Rd3 Re2+ 44. Kc3 Rfe7 45. Rh1 Rg2 46. Bxb6 Nxg3 47. Rh3 Ne2+ 48. Kd2 cxb6 49. Rde3 Nxf4+ 50. Kc3 Rxe3+ 51. Rxe3 Rg3 52. Rxg3 Ne2+ 53. Kd2 Nxg3 54.
b4 axb4 55. axb4 Kf7 56. Ke3 Ke7 57. Kf4 Ne2+ 58. Ke3 Ng3 59. Kf4 Nh5+ 60. Kf5 Nf6 61. Kg6 h5 62. Kg5 Kd7 0-1

[Event "*** Titled Tuesday Blitz"]
[Site "Chess.com"]
[Date "2020.03.03"]
[Round "3"]
[White "GMSrinath"]
[Black "korbul"]
[Result "1-0"]
[WhiteElo "2884"]
[BlackElo "2553"]
[TimeControl "180+1"]
[EndTime "9:31:25 PST"]
[Termination "GMSrinath won by resignation"]

1. c4 e6 2. Nf3 d5 3. e3 Nf6 4. b3 Nbd7 5. Bb2 a6 6. d4 c6 7. Bd3 Bd6 8. Nc3 Qe7 9. O-O dxc4 10. bxc4 e5 11. Qc2 O-O 12. Ne4 Nxe4 13. Bxe4 g6 14. c5 Bc7 15. Rac1 exd4 16. Bxd4 Ne5 17. Qc3 Re8 18. Rfd1 Bg4 19. h3 Nxf3+ 20. Bxf3 Bxf3 21. gxf3 Qg5+ 22. Kf1 Qf5 23. Ke2 Rad8 24. Rb1 Rd7 25. Rxb7 Ba5 26. Qxa5 Rxb7 27. Qxa6 Rc7 28. Rd2 Rcc8 29.
Qd3 Qxd3+ 30. Rxd3 Ra8 31. a3 Reb8 32. Be5 Rb5 33. Bd6 Rba5 34. Rb3 Rxa3 35. Rb6 R3a6 36. Rb7 R6a7 37. Rb6 Ra6 38. Rb7 f6 39. Kf1 Re8 40. Kg2 Ra2 41. e4 Rd2 42. Rb6 Rc8 43. Kg3 f5 44. exf5 gxf5 45. Rb7 Rd5 46. Kf4 h6 47. Re7 Rf8 48. Re6 Rf7 49. Rxh6 Rd4+ 50. Ke3 Rd5 51. Re6 f4+ 52. Ke4 Rd1 53. Rg6+ Kh7 54. Rg4 Re1+ 55. Kd3 Re6 56. Bxf4 Ref6 57. Be3 Rxf3 58.
Rh4+ Kg6 59. Rh6+ Kf5 60. Rxc6 Rxh3 61. Rd6 Ke5 62. Rd8 Rc7 63. Kc4 Ke6 64. Rd6+ Ke7 65.
Bg5+ Kf7 66. f4 Rh1 67. Rd5 Rc1+ 68. Kd4 Rd1+ 69. Ke5 Rxd5+ 70. Kxd5 Rd7+ 71. Kc6 Rd1 72. Kc7 Ke6 73. c6 Rc1 74. f5+ Kxf5 75. Bxc1 Ke6 76. Kb7 Kd6 77. c7 Kd7 78. c8=Q+ 1-0

[Event "*** Titled Tuesday Blitz"]
[Site "Chess.com"]
[Date "2020.03.03"]
[Round "3"]
[White "talman67"]
[Black "FairChess_on_YouTube"]
[Result "1/2-1/2"]
[WhiteElo "2546"]
[BlackElo "3039"]
[TimeControl "180+1"]
[EndTime "9:31:27 PST"]
[Termination "Game drawn - timeout vs insufficient material"]

1. e4 c5 2. Nf3 e6 3. d4 cxd4 4. Nxd4 Nc6 5. Nc3 Qc7 6. Be3 a6 7. Qf3 Nf6 8. O-O-O Rb8 9. Nxc6 bxc6 10. Qg3 Qxg3 11.
hxg3 Ng4 12. Bf4 e5 13. Be2 Nxf2 14. Bxe5 d6 15. Bf4 Nxh1 16. Rxh1 a5 17. Rd1 Bb7 18. Bc4 Rd8 19. a4 Be7 20. Ne2 O-O 21. Bd2 d5 22. exd5 cxd5 23. Bb5 Ra8 24. Nd4 g6 25. Nb3 Bb4 26. Bxb4 axb4 27. Nc5 Bc8 28. Rxd5 Kg7 29.
Rd4 f5 30. Rxb4 g5 31. Rd4 Ra7 32. b4 h5 33. a5 f4 34. gxf4 Rxf4 35. Rxf4 gxf4 36.
Be2 Kh6 37. a6 Rc7 38. Bf3 Kg5 39. Kd2 Kf6 40. Kc3 Bxa6 41. Kd4 Bc8 42. c4 Bg4 43. Bd5 Re7 44. b5 Re1 45. b6 Rd1+ 46. Kc3 Bc8 47. b7 Bxb7 48. Nxb7 Ke5 49. Nc5 h4 50. Nd3+ Kf5 51.
Kd4 Rd2 52. c5 Kf6 53. c6 Ke7 54. Ke4 Kd6 55. Nxf4 Rb2 56. Kf5 Rb4 57. Bf3 Rb8 58.
Ng6 Rb5+ 59. Kg4 Rb4+ 60. Kg5 h3 61. gxh3 Rb3 62. Bg4 Kxc6 63. h4 Kd6 64. h5 Rb5+ 65.
Kf6 Rxh5 66. Bxh5 Kd5 67. Kf5 Kd4 68. Ne5 Kd5 69. Bf3+ Kd4 70. Be4 Ke3 1/2-1/2

[Event "*** Titled Tuesday Blitz"]
[Site "Chess.com"]
[Date "2020.03.03"]
[Round "3"]
[White "gena217"]
[Black "rogapa"]
[Result "1-0"]
[WhiteElo "3014"]
[BlackElo "2744"]
[TimeControl "180+1"]
[EndTime "9:31:29 PST"]
[Termination "gena217 won by resignation"]

1. e4 c5 2. Nf3 d6 3. Bb5+ Bd7 4. c4 Nf6 5. Nc3 g6 6. O-O Bg7 7. d4 cxd4 8. Nxd4 O-O 9. Bxd7 Nfxd7 10. Be3 Nc6 11.
Rc1 Qa5 12. b3 Rfc8 13. Qd2 a6 14. Rfd1 Nc5 15. f3 Rab8 16. Nd5 Qxd2 17. Rxd2 Bxd4 18.
Bxd4 Re8 19. Bf2 f6 20. Kf1 Kf7 21. Ke2 Rec8 22. Nb6 Rc7 23. Rcd1 Ne6 24. g3 g5 25.
Be3 Ne5 26. h3 h6 27. f4 Nc6 28. f5 Ned8 29. h4 Kg7 30. Rh1 Nf7 31. Nd5 Rd7 32. Bb6 Nce5 33. Ne3 Rc8 34. Rhd1 Rc6 35. Bd4 b5 36. cxb5 axb5 37. Nd5 g4 38. Nb4 Rc8 39. Be3 Nf3 40. Rd5 Rb7 41. Rc1 Rxc1 42. Bxc1 h5 43. Be3 N7e5 44. Bf4 Kf7 45. Bxe5 Nxe5 46.
Ke3 Ke8 47. Rd2 Kd7 48. Rc2 Ra7 49. Nd5 Nc6 50. Nb6+ Kc7 51. Nd5+ Kd7 52. Kd3 Ra6 53. Kc3 Ne5 54. Rd2 Rc6+ 55. Kb2 Nf3 56. Rd1 Rc5 57. Nf4 Ne5 58. Nxh5 e6 59. Nxf6+ Ke7 60. Ng8+ Kf8 61. Nf6 Ke7 62. Nh5 exf5 63. exf5 Nf3 64. f6+ Kf7 65. Nf4 Kxf6 66. Rxd6+ Ke5 67. Rd1 Ke4 68. h5 Nd4 69. Rxd4+ Kxd4 70. Ne6+ Kd5 71.
Nxc5 Kxc5 72. h6 1-0

[Event "*** Titled Tuesday Blitz"]
[Site "Chess.com"]
[Date "2020.03.03"]
[Round "3"]
[White "swayamsm"]
[Black "Gordima"]
[Result "0-1"]
[WhiteElo "2486"]
[BlackElo "2755"]
[TimeControl "180+1"]
[EndTime "9:31:43 PST"]
[Termination "Gordima won by resignation"]

1. d4 Nf6 2. Nf3 d5 3. c4 e6 4. Nc3 Bb4 5. Qa4+ Nc6 6. Bg5 h6 7. Bxf6 Qxf6 8. e3 O-O 9. Rd1 Rd8 10. Qc2 Bxc3+ 11. Qxc3 Qg6 12. Nh4 Qg4 13. Nf3 Qg6 14.
Nh4 Qg4 15. Nf3 dxc4 16. h3 Qg6 17. Bxc4 Qxg2 18. Ke2 Qg6 19. d5 exd5 20. Rhg1 Qh7 21. Bxd5 Bf5 22. Qc4 Rxd5 23. Rxd5 Be6 24. Rgd1 Bxd5 25.
Rxd5 Qg6 26. Rd7 Rd8 27. Rxd8+ Nxd8 28. Qxc7 Qb6 29. Qxb6 axb6 30. Ne5 Ne6 31. Kd3 g5 32. Nc4 Kg7 33. Nxb6 Kg6 34. b4 Kh5 35. a4 Kh4 36.
a5 Kxh3 37. Nd7 h5 38. Nc5 Nc7 39. Nxb7 h4 40. Nd6 Kg4 41. b5 Nxb5 42. Nxb5 h3 43. f3+ Kg3 44. a6 h2 45. a7 h1=Q 46. a8=Q Qf1+ 47. Kd4 Qxb5 48. Qg8 Qf5 49. e4 Qf6+ 50. e5 Qf4+ 51. Kd5 Kxf3 52. Qh8 g4 53. Qh1+ Kf2 54.
Kd6 g3 55. Qd1 g2 56. Qc2+ Kg3 57. Qd1 Qf3 58. Qe1+ Qf2 59. Qc3+ Kh2 60. e6 g1=Q 61. Qh8+ Kg2 62. Qg7+ Kf1 63. Qa1+ Kg2 64. Qg7+ Kh3 65.
Qh6+ Kg4 66. Qg7+ Kh5 67. Qh7+ Kg5 68. Qg7+ Kf5 69. Qxg1 Qxg1 70. exf7 Qg7 71. Ke7 Kg6 0-1

[Event "*** Titled Tuesday Blitz"]
[Site "Chess.com"]
[Date "2020.03.03"]
[Round "3"]
[White "maestroza"]
[Black "Hamisandwich"]
[Result "1-0"]
[WhiteElo "2485"]
[BlackElo "2677"]
[TimeControl "180+1"]
[EndTime "9:31:45 PST"]
[Termination "maestroza won by resignation"]

1. d4 Nf6 2. Nf3 c5 3. e3 g6 4. dxc5 Qa5+ 5. Nbd2 Qxc5 6. a3 Bg7 7. b4 Qc3 8. Rb1 Qc7 9. c4 O-O 10. Bb2 d5 11.
Rc1 Qd8 12. cxd5 Nxd5 13. Bxg7 Kxg7 14. Bc4 b6 15. Qb3 Bb7 16. O-O e6 17. Rfd1 Qe7 18. e4 Nf6 19. e5 Nfd7 20. Qe3 Nc6 21. Qf4 Rfd8 22. Ne4 Nf8 23. Nd6 Kg8 24. Ng5 Nxe5 25. Qxe5 f6 26. Bxe6+ Kg7 27. Qd4 Nxe6 28. Nxe6+ Qxe6 29. Rc7+ Rd7 30. Rxb7 Rd8 31. Rxd7+ Rxd7 32. h3 Kf8 33. b5 h6 34. Qb4 Kg7 35. a4 Qe5 36. Qd4 Kf8 37. Qxe5 fxe5 38. Rd2 Ke7 39. Ne4 Rc7 40.
f3 Rc4 41. Ra2 Ke6 42. a5 Rb4 43. axb6 axb6 44. Rd2 Rxb5 45. Rd6+ Kf7 46. h4 Rb1+ 47. Kh2 b5 48. Rb6 b4 49. h5 gxh5 50. Rxh6 b3 51. Rb6 Ke7 52. Kg3 b2 53. Nd2 h4+ 54. Kg4 Rg1 55. Rxb2 Rxg2+ 56. Kxh4 Ke6 57. Kh3 Re2 58. Kg3 Kf5 59. Nc4 Re1 60. Rb3 Rc1 61. Ne3+ Ke6 62. Rb4 Rc3 63. Re4 Rc5 64. Ng4 Kf5 65. Rxe5+ Rxe5 66. Nxe5 Kxe5 67. Kg4 Ke6 68. Kg5 Ke7 69. Kg6 Ke8 70.
f4 Kf8 71. Kf6 Kg8 72. Ke7 Kg7 73. f5 1-0

[Event "*** Titled Tuesday Blitz"]
[Site "Chess.com"]
[Date "2020.03.03"]
[Round "3"]
[White "Atanejhad"]
[Black "ural58"]
[Result "0-1"]
[WhiteElo "2602"]
[BlackElo "2431"]
[TimeControl "180+1"]
[EndTime "9:31:48 PST"]
[Termination "ural58 won on time"]

1. d4 d5 2. c4 e5 3. dxe5 d4 4. a3 Nc6 5. Nf3 g6 6. Bf4 Bg7 7. e3 Bg4 8. h3 Bxf3 9. Qxf3 Nge7 10. Nd2 dxe3 11. Qxe3 Nf5 12. Qe4 Qd4 13. Qxd4 Nfxd4 14.
O-O-O O-O-O 15. Bg5 Rd7 16. f4 Ne6 17. Ne4 Rxd1+ 18.
Kxd1 h6 19. Bf6 Bxf6 20. exf6 Nxf4 21. g3 Rd8+ 22. Kc1 Nd3+ 23. Kc2 Ne1+ 24. Kc3 Re8 25. Bd3 Nxd3 26. Kxd3 Ne5+ 27. Kc3 Nxc4 28. Nf2 Ne3 29. Ng4 h5 30. Nh6 Nd5+ 31. Kd4 Nxf6 32. Nxf7 Re2 33.
b4 Rd2+ 34. Kc4 Rf2 35. Ne5 g5 36. g4 h4 37. Rd1 c6 38. Nf7 Kc7 39. Nxg5 Nd5 40.
Re1 Rc2+ 41. Kd4 Ra2 42. Ne6+ Kb6 43. g5 Rxa3 44. Rg1 Rxh3 45. g6 Rg3 46. Rxg3 hxg3 47.
g7 Ne7 48. Nf4 Nf5+ 49. Ke4 Nxg7 50. Kf3 Kb5 51. Kxg3 Kxb4 52. Kf3 a5 53. Ke4 a4 54. Nd3+ Kc3 55. Nc5 b5 56. Ke3 a3 57. Ne4+ Kc2 58. Kd4 Nf5+ 59. Kc5 a2 60. Kxc6 a1=Q 61. Kxb5 Qe5+ 62.
Nc5 Nd4+ 63. Kc4 Ne2 64. Na4 Qd4+ 65. Kb5 Nc3+ 66. Nxc3 Kxc3 67. Ka6 Qb4 0-1

[Event "*** Titled Tuesday Blitz"]
[Site "Chess.com"]
[Date "2020.03.03"]
[Round "3"]
[White "ram1zan"]
[Black "MartinMatthiesen"]
[Result "1-0"]
[WhiteElo "2904"]
[BlackElo "2527"]
[TimeControl "180+1"]
[EndTime "9:31:56 PST"]
[Termination "ram1zan won on time"]

1. e4 e5 2. Nf3 Nc6 3. Bb5 a6 4. Ba4 Nf6 5. O-O Be7 6. Re1 b5 7. Bb3 O-O 8. c3 d5 9. exd5 Nxd5 10. Nxe5 Nxe5 11. Rxe5 c6 12. d4 Bd6 13. Re1 Qh4 14.
g3 Qh3 15. Qf3 Bg4 16. Qg2 Qh5 17. Be3 Bf3 18. Qf1 Rae8 19. Nd2 Bg4 20. Qg2 Bh3 21. Qf3 Bg4 22. Qg2 Bh3 23. Qh1 Re7 24. Ne4 Bc7 25. Bd1 Bg4 26. Bxg4 Qxg4 27. Nd2 Rfe8 28. Nf1 h5 29.
Qg2 Re6 30. h3 Qg6 31. Bd2 f5 32. Rxe6 Rxe6 33. Ne3 Nf6 34. Rf1 Ne4 35. Bc1 h4 36.
gxh4 Qf7 37. Kh1 Rg6 38. Qf3 Rf6 39. Rg1 Qxa2 40. Nxf5 Qd5 41. Rxg7+ Kf8 42. Bh6 Nxf2+ 43. Kg2 Qxf3+ 44. Kxf3 Rxf5+ 45. Kg2 Rf6 46. Rg6+ Kf7 47.
Rxf6+ Kxf6 48. Kxf2 Kg6 49. Bg5 Kh5 50. Kf3 Bd6 51.
Ke4 a5 52. Kd3 a4 53. c4 a3 54. bxa3 Bxa3 55. cxb5 cxb5 56. d5 Bd6 57. Ke4 b4 58. Kd3 Bc5 59. Kc4 Bd6 60. Bf6 Kg6 61. Bg5 Kh5 62. Bd8 Bf8 63. Ba5 Kxh4 64. Bxb4 Bg7 65.
Be7+ Kxh3 66. d6 Be5 67. d7 Bc7 68. Kd5 Kg4 69. Kc6 Ba5 70. Kb7 Kf5 71. Kc8 Ke6 72. Bh4 Kd6 73. Bd8 Bc3 74. Bc7+ Kc6 75. d8=Q 1-0

[Event "*** Titled Tuesday Blitz"]
[Site "Chess.com"]
[Date "2020.03.03"]
[Round "3"]
[White "Chessalary"]
[Black "Bykov_Egor"]
[Result "0-1"]
[WhiteElo "2217"]
[BlackElo "2576"]
[TimeControl "180+1"]
[EndTime "9:31:56 PST"]
[Termination "Bykov_Egor won on time"]

1. e4 e5 2. Nf3 Nc6 3. Bc4 Bc5 4. O-O Nf6 5. d3 O-O 6. c3 d5 7. exd5 Nxd5 8. a4 a5 9. Nbd2 Kh8 10. Ne4 Be7 11. Qb3 Be6 12. Nfg5 Qd7 13. Nxe6 fxe6 14.
Ng5 Bxg5 15. Bxg5 b5 16. axb5 Nd8 17. Bh4 Nb7 18. Bg3 Rf5 19. Bxd5 exd5 20. d4 exd4 21. cxd4 Nd6 22. b6 cxb6 23. Qxb6 Nc4 24. Qc7 Qxc7 25. Bxc7 Rf7 26. Bxa5 Rxa5 27. Rxa5 Nxa5 28. Ra1 Ra7 29. b4 Nc6 30. Rc1 Kg8 31. b5 Ne7 32. Kf1 Kf7 33. Ke2 Rb7 34. Rc5 Nf5 35. Rxd5 Rxb5 36. Rd7+ Ke6 37.
Rc7 Nxd4+ 38. Ke3 Nf5+ 39. Kf4 Rb4+ 40. Kf3 h5 41. Rc6+ Ke5 42. Rc5+ Kf6 43. Rc6+ Kg5 44. Rc5 Rf4+ 45. Ke2 Re4+ 46. Kf3 Rb4 47. h4+ Rxh4 48.
g3 Rb4 49. Kg2 g6 50. Rc6 Rb2 51. Rc5 Kf6 52. Rc6+ Kf7 53. Rc5 Ne7 54. Rc7 Ke6 55. Ra7 Rb6 56. Ra5 Nf5 57. Kh3 Nd6 58. Rg5 Kf6 59. Rc5 Ne4 60. Rc4 Re6 61. Kg2 Ke5 62. Ra4 Kd5 63. Ra5+ Kd4 64. Ra4+ Kd3 65. Ra3+ Nc3 66.
Ra5 Ne4 67. Ra3+ Ke2 68. Re3+ Kd2 0-1

[Event "*** Titled Tuesday Blitz"]
[Site "Chess.com"]
[Date "2020.03.03"]
[Round "3"]
[White "Rubinstein_Akiba"]
[Black "Blackmind96"]
[Result "1-0"]
[WhiteElo "2584"]
[BlackElo "2683"]
[TimeControl "180+1"]
[EndTime "9:32:07 PST"]
[Termination "Rubinstein_Akiba won on time"]

1. e4 e6 2. d4 d5 3. Bd3 c5 4. c3 cxd4 5. cxd4 dxe4 6. Bxe4 Nf6 7. Bf3 Be7 8. Ne2 O-O 9. O-O Nbd7 10. Nbc3 Nb6 11.
Bg5 Nfd5 12. Bxe7 Nxe7 13. Qb3 Rb8 14. Rad1 Bd7 15. Nf4 Bc6 16. Bxc6 bxc6 17. Qc2 Qd6 18. g3 Nbd5 19. Ne4 Qb4 20. Nd3 Qxd4 21. Rfe1 Qb6 22.
Nec5 Rbd8 23. a3 Nf5 24. Ne5 Nde3 25. fxe3 Rxd1 26. Qxd1 Qxc5 27. Nd7 Qe7 28. Nxf8 Qxf8 29. Qc2 c5 30. Qe4 h5 31. Kg2 Qb8 32. Re2 Qb5 33. Qf3 Qd3 34. Re1 Qb5 35. Re2 g6 36. Rf2 Qd7 37. e4 Nd4 38. Qc3 Qb7 39. Qd3 e5 40. Kg1 Kg7 41. Qc4 Qc7 42. Qd5 Qe7 43.
Kg2 h4 44. b4 cxb4 45. axb4 hxg3 46. hxg3 a6 47. Ra2 Qf6 48. Rf2 Qe7 49. Ra2 Nb5 50. Rf2 Nc3 51. Qc4 Nb5 52. Qd5 Nc7 53. Qc6 Ne6 54. Qd5 Qg5 55. Qb3 Nf4+ 56. Kf1 Ne6 57. Kg2 Qh5 58. Qf3 Qxf3+ 59. Rxf3 Nd4 60. Ra3 Nc6 61. Rxa6 Nxb4 62. Ra5 f6 63. Kf3 Nc2 64.
Ra7+ Kh6 65. Ra6 Kg5 66. Ke2 Nb4 67. Rb6 Nc2 68. Kf2 Nd4 69. Ra6 Nb3 70. Rb6 Nc5 71. Kf3 Na4 72. Rb5 1-0

[Event "*** Titled Tuesday Blitz"]
[Site "Chess.com"]
[Date "2020.03.03"]
[Round "3"]
[White "Roman_Ovetchkin"]
[Black "Kotofeyca"]
[Result "1/2-1/2"]
[WhiteElo "2632"]
[BlackElo "2378"]
[TimeControl "180+1"]
[EndTime "9:32:13 PST"]
[Termination "Game drawn by repetition"]

1. d4 d5 2. c4 c6 3. Nf3 Nf6 4. Qc2 Bg4 5. Ne5 Bh5 6. cxd5 cxd5 7. Qb3 Qc8 8. Nc3 e6 9. Bg5 Nc6 10. e4 Nxe4 11. Nxe4 dxe4 12. Nxc6 bxc6 13. Bf4 a5 14. a3 Be7 15. Bc4 O-O 16. O-O Rd8 17. Be5 a4 18. Qh3 Bg6 19. Rac1 Qb7 20. Qc3 Rac8 21.
Rfe1 Qb6 22. Rcd1 Rd7 23. g3 h6 24. h4 Rb7 25. Rd2 Rd8 26. Re3 Rbd7 27. Kg2 c5 28. d5 exd5 29. Bxd5 Rxd5 30. Rxd5 Rxd5 31. Bxg7 Rd6 32. Be5 Re6 33. Bf4 Bf6 34. Qc2 h5 35. Qxa4 Bd4 36. Re2 Qb7 37. Be3 Bxe3 38. Rxe3 Qd5 39.
Qa5 Kg7 40. b4 Qf5 41. Qxc5 Qxc5 42. bxc5 Rc6 43. Rc3 f5 44. Kf1 Kf6 45. Ke2 Ke5 46.
Ke3 Kd5 47. Kf4 Be8 48. Kg5 Kd4 49. Rc1 Bd7 50. Kxh5 Rxc5 51. Rd1+ Ke5 52. Rxd7 Rc2 53. Kg5 Rxf2 54. Rf7 e3 55. g4 Ke6 56. Rf8 Ke7 57.
Rc8 e2 58. Rc3 Rf1 59. Re3+ Kf7 60. Rxe2 fxg4 61. Kxg4 Ra1 62. Re3 Kg6 63. Rf3 Rg1+ 64. Kf4 Ra1 65. Ke5 Kh5 66. Kd5 Kxh4 67. Kc5 Kg4 68. Rb3 Kf4 69. Kb5 Ke5 70. a4 Kd6 71. a5 Kc7 72. Ka6 Ra4 73. Rb7+ Kc8 74. Rb5 Kc7 75. Ka7 Kc6 76. Rh5 Kc7 77. a6 Kc8 78.
Rc5+ Kd7 79. Kb6 Rb4+ 80. Ka7 Kd6 81. Rc2 Kd7 82. Ka8 Kd8 83. a7 Rb1 84. Rc5 Kd7 85.
Rc4 Kd8 86. Rc3 Kd7 87. Rh3 Kc7 88. Rh7+ Kc8 89. Rh8+ Kc7 90. Rb8 Ra1 91. Rh8 Rb1 92. Rh7+ Kc8 93. Rh8+ Kc7 1/2-1/2

[Event "*** Titled Tuesday Blitz"]
[Site "Chess.com"]
[Date "2020.03.03"]
[Round "3"]
[White "Eltaj_Safarli"]
[Black "Off-War"]
[Result "1-0"]
[WhiteElo "3030"]
[BlackElo "2743"]
[TimeControl "180+1"]
[EndTime "9:32:29 PST"]
[Termination "Eltaj_Safarli won by resignation"]

1. e4 e6 2. d4 d5 3. Nd2 Nc6 4.
Ngf3 Nf6 5. e5 Nd7 6. Nb3 a5 7. a4 b6 8. Bb5 Na7 9. Bd3 Nb8 10. Qe2 Nac6 11. c3 Ba6 12. Bb5 Bxb5 13. axb5 Na7 14. O-O Qd7 15. Ng5 h6 16. Nh3 Qxb5 17.
Qc2 Nd7 18. f4 g6 19. g4 Nc6 20. f5 gxf5 21. gxf5 Rg8+ 22. Kf2 O-O-O 23. Be3 Kb7 24. Rg1 Rxg1 25. Rxg1 exf5 26. Nf4 Re8 27. Nd2 Ne7 28. Nf3 a4 29. Nh4 Ra8 30. Nxf5 Nxf5 31. Qxf5 Qxb2+ 32. Kf3 Qb5 33. Qxf7 a3 34. e6 Nf6 35. Qxf6 a2 36.
e7 Bxe7 37. Qxe7 a1=Q 38. Rxa1 Rxa1 39. Qe6 c6 40. Qd7+ Ka6 41. Qc8+ Ka7 42. Qc7+ Ka6 43. Qc8+ Ka7 44. Kg4 Rf1 45. h4 Qc4 46. Qd7+ Ka6 47.
Qc8+ Kb5 48. Qf5 Qxc3 49. Nxd5 Qe1 50. Nf4+ Ka6 51. Qd3+ Kb7 52. Kf5 Qb1 53. Qxb1 Rxb1 54. Ng6 h5 55. Nf4 b5 56. Nxh5 b4 57. Nf4 b3 58. Nd3 Rh1 59. Nc5+ Kc7 60. Nxb3 Rxh4 61.
Bf4+ Kb6 62. Ke4 Rh3 63. Nc5 Kb5 64. Nb7 Rh1 65. Nd6+ Kb6 66. Kd3 Rd1+ 67. Kc4 Rf1 68. Bg5 Rf8 69. Ne4 Rg8 70. Bd2 Rg4 71. Nc5 Rg2 72.
Na4+ Kc7 73. Bc3 Kd6 74. Nc5 Rg4 75. Bb4 Rg1 76. Nd3+ Kd7 77. Ne5+ Kc7 78. Bd2 Kd6 79. Nd3 Rg2 80. Bb4+ Kd7 81. Kc5 Rc2+ 82. Kb6 Ke6 83. Bc5 Kd5 84. Nb4+ Kc4 85. Nxc2 1-0